[Event "ICC tourney 3106 (30 10)"]
[Site "Internet Chess Club"]
[Date "2023.01.21"]
[Round "1"]
[White "Bolme, Thomas Bradley:ThomasBradley75"]
[Black "Xu, Michael:mxu81"]
[Result "0-1"]
[ICCResult "White checkmated"]
[WhiteElo "632"]
[BlackElo "1157"]
[Opening "Queen's pawn game"]
[ECO "D02"]
[NIC "QP.08"]
[Time "12:00:47"]
[PlyCount "104"]
[TimeControl "1800+10"]

1. d4 d5 2. Nf3 Bf5 3. Bf4 Nf6 4. e3 e6 5. Nc3 Bb4 6. Bb5+ c6 7. Ba4 Bxc3+
8. bxc3 Nbd7 9. Rb1 Nb6 10. Bb3 O-O 11. O-O Nh5 12. Bg5 Nf6 13. Ne5 h6 14.
Bxh6 gxh6 15. Qf3 Nbd7 16. Qg3+ Kh7 17. f4 Rg8 18. Qh4 Nxe5 19. fxe5 Ne4 20.
Rf4 Qxh4 21. Rxh4 Nd2 22. Re1 Nf3+ 23. Kf2 Nxh4 24. g3 Ng6 25. Rg1 a5 26. a3
a4 27. Ba2 Bxc2 28. Bb1 Bxb1 29. Rxb1 b5 30. h3 Nxe5 31. dxe5 Rg5 32. Rb4
Rxe5 33. Rg4 Rg5 34. Rf4 f5 35. h4 Rg4 36. Rxg4 fxg4 37. h5 Rf8+ 38. Ke2 Rf5
39. Kd3 c5 40. c4 bxc4+ 41. Kc3 Rxh5 42. e4 Rh3 43. exd5 Rxg3+ 44. Kc2 exd5
45. Kd2 Kg6 46. Kc2 Kf5 47. Kd2 Ke4 48. Kc2 Kd4 49. Kd2 Rxa3 50. Ke2 Ra2+
51. Kf1 Ke3 52. Ke1 Ra1# {White checkmated} 0-1

[Event "ICC tourney 3106 (30 10)"]
[Site "Internet Chess Club"]
[Date "2023.01.21"]
[Round "1"]
[White "procopio, Patti:prostripe"]
[Black "BHANJDEO, ARNAV:pcbhanjdeo"]
[Result "1-0"]
[ICCResult "Black checkmated"]
[WhiteElo "1132"]
[BlackElo "342"]
[Opening "Queen's pawn, Mason variation"]
[ECO "D00"]
[NIC "QP.08"]
[Time "12:00:51"]
[PlyCount "97"]
[TimeControl "1800+10"]

1. d4 d5 2. Bf4 e6 3. Nf3 Bd6 4. Bxd6 Qxd6 5. Nbd2 Nc6 6. c3 Qd8 7. e3 Bd7
8. Be2 Nf6 9. O-O O-O 10. h3 Qe8 11. Qc2 Na5 12. b3 Qe7 13. Rac1 Qa3 14. Ne5
Bc6 15. c4 Ne4 16. Nxe4 dxe4 17. Nxc6 Nxc6 18. Rfd1 Nb4 19. Qb1 Nxa2 20. Rc2
Nb4 21. Rb2 f6 22. Rdd2 Rad8 23. Qxe4 Qa1+ 24. Kh2 f5 25. Qxe6+ Kh8 26. Qe5
h6 27. Qxc7 Qe1 28. Bf3 Qc1 29. Qxb7 Nd3 30. Ra2 Ra8 31. Rxd3 Rfb8 32. Qf7
Qb1 33. Rad2 Qe1 34. Bxa8 Rxa8 35. Qb7 Rf8 36. d5 Qb1 37. d6 Rd8 38. d7 Qa1
39. c5 Qa5 40. c6 Qb6 41. Qxb6 axb6 42. c7 Rxd7 43. Rxd7 b5 44. c8=Q+ Kh7
45. Re7 Kg6 46. Qc6+ Kh7 47. Rdd7 b4 48. Rxg7+ Kh8 49. Qc8# {Black
checkmated} 1-0

[Event "ICC tourney 3106 (30 10)"]
[Site "Internet Chess Club"]
[Date "2023.01.21"]
[Round "1"]
[White "RAMKUMAR, NIKHIL:nikhilramkumar"]
[Black "Rastogi, Viraj:masterviraj"]
[Result "0-1"]
[ICCResult "White resigns"]
[WhiteElo "1238"]
[BlackElo "799"]
[Opening "Sicilian: Taimanov variation"]
[ECO "B45"]
[NIC "SI.39"]
[Time "12:00:48"]
[PlyCount "58"]
[TimeControl "1800+10"]

1. e4 c5 2. Nf3 Nc6 3. d4 cxd4 4. Nxd4 e6 5. Nc3 Bb4 6. a3 Ba5 7. b4 Bb6 8.
Be3 Nf6 9. Be2 d5 10. exd5 exd5 11. Na4 Nxd4 12. Bxd4 Bxd4 13. Qxd4 Bd7 14.
Nc5 O-O 15. O-O Re8 16. Bf3 Bc6 17. Rfe1 b6 18. Nd3 Qd7 19. Ne5 Qc7 20. c4
Rad8 21. cxd5 Nxd5 22. Rac1 Ne7 23. Qf4 f6 24. Qc4+ Kh8 25. Nf7+ Kg8 26.
Nh6+ Kh8 27. Qg8+ Nxg8 28. Rxe8 Rxe8 29. Bxc6 gxh6 {White resigns} 0-1

[Event "ICC tourney 3106 (30 10)"]
[Site "Internet Chess Club"]
[Date "2023.01.21"]
[Round "1"]
[White "VUYYURU, SHRIYAN:loudcertainlava"]
[Black "WESLEY, GEORGE:Maglars"]
[Result "1-0"]
[ICCResult "Black resigns"]
[WhiteElo "1411"]
[BlackElo "982"]
[Opening "Queen's gambit accepted"]
[ECO "D20"]
[NIC "QG.03"]
[Time "12:00:53"]
[PlyCount "85"]
[TimeControl "1800+10"]

1. d4 d5 2. c4 dxc4 3. e3 e5 4. Bxc4 Bb4+ 5. Nc3 exd4 6. Qxd4 Qxd4 7. exd4
Nf6 8. Bd2 O-O 9. Nge2 Nbd7 10. O-O Re8 11. Rfe1 b6 12. a3 Bd6 13. Nb5 Ne4
14. Nxd6 Nxd6 15. Bd5 Rb8 16. Nc3 Rf8 17. Bf4 Bb7 18. Bxd6 cxd6 19. Bxb7
Rxb7 20. Nb5 d5 21. Rac1 Nf6 22. Nd6 Rd7 23. Nf5 g6 24. Ne7+ Kg7 25. Nc6 Rc7
26. Ne5 Rxc1 27. Rxc1 Re8 28. f3 Re7 29. Kf2 Nd7 30. Nc6 Re6 31. Nxa7 Nb8
32. Nb5 Kf6 33. Nc7 Rc6 34. Nxd5+ Ke6 35. Rxc6+ Nxc6 36. Nxb6 Nxd4 37. Nc4
Kd5 38. Ne3+ Kc5 39. Ke1 f5 40. Kd2 f4 41. Nc2 Nb3+ 42. Kc3 Na5 43. b4+
{Black resigns}
1-0

[Event "ICC tourney 3106 (30 10)"]
[Site "Internet Chess Club"]
[Date "2023.01.21"]
[Round "1"]
[White "Coffey, Damon L:clammer"]
[Black "Krishnan, Ashvath:ashvathk5"]
[Result "1/2-1/2"]
[ICCResult "Game drawn by mutual agreement"]
[WhiteElo "947"]
[BlackElo "1405"]
[Opening "Ruy Lopez: Anderssen variation"]
[ECO "C77"]
[NIC "RL.12"]
[Time "12:00:46"]
[PlyCount "68"]
[TimeControl "1800+10"]

1. e4 e5 2. Nf3 Nc6 3. Bb5 a6 4. Ba4 Nf6 5. d3 b5 6. Bb3 Be7 7. O-O O-O 8.
c3 d6 9. h3 h6 10. Be3 Na5 11. Bc2 c5 12. Nbd2 Qc7 13. Nh2 Rd8 14. f4 b4 15.
c4 Nc6 16. f5 Kh7 17. Ng4 Rg8 18. Bf2 Bb7 19. Bg3 Nd4 20. Nf3 Nxg4 21. hxg4
Qd8 22. Nxd4 cxd4 23. Qe1 a5 24. Kh2 Bg5 25. Kh3 f6 26. Bh4 Rh8 27. Bxg5
hxg5 28. Kg3 Kg8 29. Rh1 Kf7 30. Rxh8 Qxh8 31. Qh1 Qxh1 32. Rxh1 a4 33. Rh7
a3 34. b3 Bc6 {Game drawn by mutual agreement} 1/2-1/2

[Event "ICC tourney 3106 (30 10)"]
[Site "Internet Chess Club"]
[Date "2023.01.21"]
[Round "1"]
[White "Ledas, Armandas:ArmandasLedas"]
[Black "KANTNER, AARON:K05-16926895"]
[Result "1-0"]
[ICCResult "Black resigns"]
[WhiteElo "1397"]
[BlackElo "936"]
[Opening "Queen's bishop game"]
[ECO "A45"]
[NIC "QP.07"]
[Time "12:14:33"]
[PlyCount "61"]
[TimeControl "1800+10"]

1. d4 Nf6 2. Bf4 d5 3. Nf3 Bf5 4. e3 e6 5. Bd3 Bd6 6. Bg3 Bxd3 7. Qxd3 Ne4
8. Nbd2 Nxg3 9. fxg3 Qd7 10. c3 Nc6 11. b4 O-O-O 12. Nb3 e5 13. dxe5 Nxe5
14. Nxe5 Bxe5 15. O-O Qc6 16. Qf5+ Qe6 17. Qd3 Bf6 18. Nc5 Qb6 19. a4 a5 20.
Rab1 axb4 21. cxb4 Qa7 22. Rfc1 Be7 23. Qb5 b6 24. Na6 Rd7 25. Rc6 Bd8 26.
Rbc1 Rd6 27. Rxd6 Kb7 28. Rdc6 Qxa6 29. Rxc7+ Bxc7 30. Rxc7+ Kxc7 31. Qxa6
{Black resigns}
1-0

[Event "ICC tourney 3106 (30 10)"]
[Site "Internet Chess Club"]
[Date "2023.01.21"]
[Round "1"]
[White "Bobrov, Dmitry:dmitrybobrov"]
[Black "Jones, Richard S:weakfish"]
[Result "0-1"]
[ICCResult "White resigns"]
[WhiteElo "859"]
[BlackElo "1376"]
[Opening "Réti: King's Indian attack (Barcza system)"]
[ECO "A07"]
[NIC "QP.09"]
[Time "12:01:20"]
[PlyCount "134"]
[TimeControl "1800+10"]

1. Nf3 d5 2. g3 c6 3. Bg2 Nf6 4. O-O Bf5 5. d3 e6 6. a4 h6 7. Re1 Be7 8. Nc3
O-O 9. e4 dxe4 10. dxe4 Qxd1 11. Rxd1 Nxe4 12. Nxe4 Bxe4 13. Rd2 Rd8 14. Re2
Rd1+ 15. Ne1 Bxg2 16. Kxg2 Rd5 17. Nf3 Nd7 18. b3 Rd8 19. Bb2 Bf6 20. Bxf6
Nxf6 21. h4 R8d7 22. Ne5 Rd8 23. Nc4 Rd4 24. Na5 R8d7 25. Nc4 Re4 26. Rae1
Red4 27. Ne5 Rd8 28. Nc4 b6 29. Ne5 R8d6 30. Nc4 Rd7 31. Ne5 Rc7 32. Nf3 Rd5
33. Re3 Ng4 34. Rc3 c5 35. Ng1 Rcd7 36. Nf3 e5 37. Re2 f5 38. Ne1 e4 39. f3
Nf6 40. Rce3 Rd2 41. Kf2 R2d6 42. fxe4 Ng4+ 43. Kf3 Nxe3 44. Rxe3 fxe4+ 45.
Rxe4 Rd1 46. Nd3 Rd2 47. Ne5 Re7 48. c4 Rb2 49. Re3 Re6 50. Kf4 Rf6+ 51. Kg4
g6 52. Nd7 Rd6 53. Ne5 Re6 54. Kf4 Kg7 55. Rd3 Rf6+ 56. Ke4 Re2+ 57. Kd5 Rf5
58. Kc6 Rfxe5 59. Rd7+ Re7 60. Rd6 R2e6 61. Rxe6 Rxe6+ 62. Kb7 Re7+ 63. Ka6
Kf6 64. Kb5 Kf5 65. a5 Re6 66. Ka6 bxa5+ 67. Kxa7 Kg4 {White resigns} 0-1

[Event "ICC tourney 3106 (30 10)"]
[Site "Internet Chess Club"]
[Date "2023.01.21"]
[Round "2"]
[White "procopio, Patti:prostripe"]
[Black "Ledas, Armandas:ArmandasLedas"]
[Result "0-1"]
[ICCResult "White resigns"]
[WhiteElo "1132"]
[BlackElo "1397"]
[Opening "Queen's pawn, Mason variation, Steinitz counter-gambit"]
[ECO "D00"]
[NIC "QP.08"]
[Time "14:00:12"]
[PlyCount "42"]
[TimeControl "1800+10"]

1. d4 d5 2. Bf4 c5 3. c3 cxd4 4. cxd4 Qb6 5. b3 Nc6 6. Nf3 Nf6 7. Nbd2 Bf5
8. Nh4 Bd7 9. Nhf3 e6 10. g3 Be7 11. Bg2 Rc8 12. O-O Nxd4 13. Nxd4 Qxd4 14.
Nf3 Qxd1 15. Rfxd1 O-O 16. Ne5 Bb5 17. e3 Rc2 18. a4 Be2 19. Re1 Rfc8 20.
Bg5 Bb4 21. Rec1 Rxc1+ {White resigns} 0-1

[Event "ICC tourney 3106 (30 10)"]
[Site "Internet Chess Club"]
[Date "2023.01.21"]
[Round "2"]
[White "LIN, CARL:K01-17110834"]
[Black "Yan, Rayna:K01-30157975"]
[Result "0-1"]
[ICCResult "White checkmated"]
[WhiteElo "1246"]
[BlackElo "1048"]
[Opening "Giuoco Piano"]
[ECO "C54"]
[NIC "IG.02"]
[Time "14:00:17"]
[PlyCount "132"]
[TimeControl "1800+10"]

1. e4 e5 2. Nf3 Nc6 3. Bc4 Bc5 4. c3 Nf6 5. d4 exd4 6. cxd4 Bb4+ 7. Bd2 Nxe4
8. Bxb4 Nxb4 9. Bxf7+ Kxf7 10. Qb3+ Kf8 11. Qxb4+ Qe7 12. Qxe7+ Kxe7 13. O-O
Kd8 14. Re1 Nf6 15. Nc3 d6 16. Ng5 Rf8 17. Ne6+ Bxe6 18. Rxe6 Kd7 19. Re2
Rfe8 20. Rae1 Rxe2 21. Rxe2 Re8 22. Kf1 Rxe2 23. Kxe2 Ke6 24. Ke3 Ng4+ 25.
Ke2 c5 26. dxc5 dxc5 27. f3 Ne5 28. Ne4 Kd5 29. Kd2 b6 30. Kc3 a5 31. a4 Nc4
32. b3 Ne3 33. g3 Nf1 34. h4 Ne3 35. Kd3 Nf5 36. Nc3+ Kc6 37. Ne4 Nd4 38.
Nd2 b5 39. f4 Nf5 40. Nf1 Kd5 41. h5 c4+ 42. Kc3 b4+ 43. Kc2 c3 44. g4 Nd4+
45. Kd3 Nxb3 46. Ne3+ Kc6 47. g5 Nc5+ 48. Kc2 Nxa4 49. f5 Nc5 50. f6 gxf6
51. gxf6 Ne6 52. Kb3 Kc5 53. Ka4 Kd4 54. Nc2+ Kd3 55. Ne1+ Ke2 56. Nc2 Kd2
57. Nxb4 axb4 58. Kb5 c2 59. Kc6 c1=Q+ 60. Kd7 Qe1 61. f7 Nf8+ 62. Kd6 Qe6+
63. Kc7 b3 64. Kd8 b2 65. Kc7 b1=Q 66. Kd8 Qd7# {White checkmated} 0-1

[Event "ICC tourney 3106 (30 10)"]
[Site "Internet Chess Club"]
[Date "2023.01.21"]
[Round "2"]
[White "KRISHNAN, SHREYAS:K01-30058648"]
[Black "Bolme, Thomas Bradley:ThomasBradley75"]
[Result "1-0"]
[ICCResult "Black checkmated"]
[WhiteElo "1064"]
[BlackElo "632"]
[Opening "Caro-Kann: advance variation"]
[ECO "B12"]
[NIC "CK.04"]
[Time "14:00:14"]
[PlyCount "55"]
[TimeControl "1800+10"]

1. e4 c6 2. d4 d5 3. e5 Bf5 4. h4 e6 5. g4 Be4 6. f3 Bf5 7. gxf5 exf5 8. Nc3
Nd7 9. Qe2 Bb4 10. Bd2 Ne7 11. O-O-O Qc7 12. a3 Bxc3 13. Bxc3 Nc8 14. Kb1
Ne7 15. Bg2 O-O-O 16. Qd2 Nb6 17. b3 g6 18. Nh3 h6 19. Rhe1 Rdg8 20. f4 Nd7
21. Bb4 Nf8 22. Bd6 Qd8 23. Qb4 Nh7 24. Bxe7 Qc7 25. Bd6 Qd7 26. Qa5 g5 27.
Qxa7 gxf4 28. Qa8# {Black checkmated} 1-0

[Event "ICC tourney 3106 (30 10)"]
[Site "Internet Chess Club"]
[Date "2023.01.21"]
[Round "2"]
[White "Rastogi, Viraj:masterviraj"]
[Black "Krishnan, Ashvath:ashvathk5"]
[Result "0-1"]
[ICCResult "White resigns"]
[WhiteElo "799"]
[BlackElo "1405"]
[Opening "Two knights defense (Modern bishop's opening)"]
[ECO "C55"]
[NIC "IG.01"]
[Time "14:00:13"]
[PlyCount "76"]
[TimeControl "1800+10"]

1. e4 e5 2. Nf3 Nc6 3. Bc4 Nf6 4. d3 h6 5. h3 d6 6. Nc3 Be7 7. Be3 O-O 8.
O-O Na5 9. Bb3 Nxb3 10. axb3 c5 11. Qe2 a6 12. Nd1 Be6 13. Nc3 Re8 14. Rfe1
Qc7 15. Qd2 Bf8 16. Ne2 Qe7 17. c4 Nd7 18. Nc3 Nb6 19. Ra3 Qf6 20. Raa1 Bxh3
21. Kh2 Bg4 22. Rg1 Kh7 23. Ne2 Rad8 24. Nc3 Qg6 25. Rgf1 Qh5+ 26. Kg3 Bxf3
27. gxf3 Re6 28. Rh1 Rg6+ 29. Bg5 Rxg5+ 30. Qxg5 Qxg5+ 31. Kh2 Qf4+ 32. Kg2
Re8 33. Rh3 Re6 34. Kf1 Qd2 35. Re1 Qxd3+ 36. Re2 Rg6 37. Na4 Nxa4 38. bxa4
Rg1+ {White resigns} 0-1

[Event "ICC tourney 3106 (30 10)"]
[Site "Internet Chess Club"]
[Date "2023.01.21"]
[Round "2"]
[White "BHANJDEO, ARNAV:pcbhanjdeo"]
[Black "Bobrov, Dmitry:dmitrybobrov"]
[Result "0-1"]
[ICCResult "White checkmated"]
[WhiteElo "342"]
[BlackElo "859"]
[Opening "Robatsch (modern) defense"]
[ECO "B06"]
[NIC "KF.06"]
[Time "14:00:12"]
[PlyCount "112"]
[TimeControl "1800+10"]

1. e4 g6 2. d3 Bg7 3. Bd2 d6 4. Nf3 Nf6 5. Nc3 O-O 6. Be2 Nc6 7. O-O e5 8.
Bg5 h6 9. Be3 Ng4 10. Qd2 Nxe3 11. Qxe3 f5 12. exf5 Bxf5 13. Nd5 Be6 14. Nc3
Ne7 15. d4 Nf5 16. Qe4 d5 17. Nxd5 Bxd5 18. Qg4 Qd6 19. Rad1 h5 20. Qg5 Bh6
21. dxe5 Qe6 22. Qh4 Nxh4 23. Nxh4 g5 24. Nf3 Bxf3 25. Bxf3 Rab8 26. Bxh5 g4
27. h3 gxh3 28. gxh3 Rf5 29. Bg4 Qg6 30. Rd7 Rg5 31. Rfd1 Rxg4+ 32. hxg4
Qxg4+ 33. Kf1 Rf8 34. Ke1 Qg1+ 35. Ke2 Qxf2+ 36. Kd3 Rf3+ 37. Ke4 Rf4+ 38.
Kd3 Qf3+ 39. Kd2 Rd4+ 40. Ke1 Rxd1+ 41. Rxd1 Qe3+ 42. Kf1 Qxe5 43. Re1 Qxb2
44. Re8+ Kf7 45. Re2 Qxa2 46. Rf2+ Ke6 47. Re2+ Kf5 48. Rf2+ Bf4 49. c3 Qb1+
50. Kg2 a5 51. Re2 a4 52. Re7 Qe4+ 53. Kh3 Qxe7 54. c4 Qe3+ 55. Kh4 Qg3+ 56.
Kh5 Qg5# {White checkmated} 0-1

[Event "ICC tourney 3106 (30 10)"]
[Site "Internet Chess Club"]
[Date "2023.01.21"]
[Round "2"]
[White "Xu, Michael:mxu81"]
[Black "VUYYURU, SHRIYAN:loudcertainlava"]
[Result "0-1"]
[ICCResult "White checkmated"]
[WhiteElo "1157"]
[BlackElo "1411"]
[Opening "French: exchange variation"]
[ECO "C01"]
[NIC "FR.01"]
[Time "14:00:16"]
[PlyCount "164"]
[TimeControl "1800+10"]

1. e4 e6 2. d4 d5 3. exd5 exd5 4. Nf3 Nf6 5. Nc3 c6 6. Be2 Be7 7. O-O O-O 8.
h3 Bf5 9. Re1 Nbd7 10. Bf4 Re8 11. Ne5 Nxe5 12. Bxe5 Bd6 13. Bd3 Bxd3 14.
Qxd3 Bxe5 15. Rxe5 Qd7 16. Rae1 h6 17. Na4 b6 18. b3 Rad8 19. Nb2 Ne4 20. f3
Rxe5 21. dxe5 Nc5 22. Qd2 d4 23. Nd3 Nxd3 24. Qxd3 c5 25. Kh1 Re8 26. f4 g6
27. Re4 Qe7 28. c3 dxc3 29. Qxc3 Qd7 30. Ra4 Rd8 31. Qc2 Qd1+ 32. Qxd1 Rxd1+
33. Kh2 Rd7 34. Kg3 Kf8 35. Kf3 Ke7 36. Ke4 Ke6 37. g4 f5+ 38. gxf5+ gxf5+
39. Kf3 a5 40. Rc4 Rd3+ 41. Kg2 Rd2+ 42. Kg3 Rxa2 43. Kh4 Rf2 44. Kh5 Rf3
45. Kxh6 Rxh3+ 46. Kg5 Rxb3 47. Rc2 Rg3+ 48. Kh5 Rg4 49. Rc4 Kd5 50. Ra4 c4
51. e6 Kxe6 52. Rxc4 Kd5 53. Ra4 Kc5 54. Kh6 Kd5 55. Kh5 Kc5 56. Kh6 Kb5 57.
Rd4 Ka6 58. Kh5 Kb7 59. Ra4 Kc6 60. Kh6 b5 61. Rxa5 Rxf4 62. Ra6+ Kc5 63.
Rf6 Rf1 64. Kg5 f4 65. Kg4 f3 66. Kf4 b4 67. Ke3 Kc4 68. Rf4+ Kc3 69. Ke4 b3
70. Rxf3+ Rxf3 71. Kxf3 b2 72. Ke3 b1=Q 73. Kf4 Qe1 74. Kf5 Qe3 75. Kf6 Qe4
76. Kg5 Qf3 77. Kg6 Qf4 78. Kh7 Qg5 79. Kh8 Kd4 80. Kh7 Ke5 81. Kh8 Kf6 82.
Kh7 Qg7# {White checkmated} 0-1

[Event "ICC tourney 3106 (30 10)"]
[Site "Internet Chess Club"]
[Date "2023.01.21"]
[Round "2"]
[White "KANTNER, AARON:K05-16926895"]
[Black "RAMKUMAR, NIKHIL:nikhilramkumar"]
[Result "0-1"]
[ICCResult "White checkmated"]
[WhiteElo "936"]
[BlackElo "1238"]
[Opening "Caro-Kann: advance variation"]
[ECO "B12"]
[NIC "CK.02"]
[Time "14:00:10"]
[PlyCount "142"]
[TimeControl "1800+10"]

1. e4 c6 2. d4 d5 3. e5 e6 4. Nf3 c5 5. c3 Nc6 6. Bb5 Qb6 7. Qa4 Bd7 8. O-O
Nxe5 9. Bxd7+ Nxd7 10. Ne5 Nf6 11. Bg5 Qc7 12. Bxf6 gxf6 13. Qxd7+ Qxd7 14.
Nxd7 Kxd7 15. Rd1 cxd4 16. Rxd4 Bc5 17. Rf4 Ke7 18. Nd2 Rhg8 19. Nb3 Bd6 20.
Rh4 Rg7 21. Rd1 Rc8 22. Rd3 b6 23. Rdh3 Rcg8 24. g3 Rh8 25. Ra4 a5 26. c4
Bb4 27. a3 dxc4 28. axb4 cxb3 29. bxa5 bxa5 30. Rxa5 Rb8 31. Rah5 f5 32.
Rxh7 Rxh7 33. Rxh7 Rc8 34. Rh4 Rc2 35. Rb4 Rxb2 36. Kf1 Rb1+ 37. Ke2 b2 38.
Kd2 Kf6 39. Kc2 Rf1 40. f4 Rf2+ 41. Kb1 Rxh2 42. Rb7 Rg2 43. Ka2 Kg6 44. Kb1
Rxg3 45. Kxb2 Rf3 46. Rb4 Re3 47. Rb8 Re4 48. Rg8+ Kf6 49. Kc3 Rxf4 50. Kd3
e5 51. Ke3 Rg4 52. Rd8 Ra4 53. Rd6+ Ke7 54. Rd5 f6 55. Rb5 Rc4 56. Rb7+ Kd6
57. Rb6+ Rc6 58. Rb4 Kd5 59. Kd3 f4 60. Rb5+ Rc5 61. Rb6 e4+ 62. Kd2 f5 63.
Rf6 Kd4 64. Rd6+ Rd5 65. Ra6 f3 66. Ra4+ Ke5+ 67. Ke3 f4+ 68. Kf2 Rd2+ 69.
Kf1 e3 70. Ra5+ Rd5 71. Ra8 Rd1# {White checkmated} 0-1

[Event "ICC tourney 3106 (30 10)"]
[Site "Internet Chess Club"]
[Date "2023.01.21"]
[Round "3"]
[White "RAMKUMAR, NIKHIL:nikhilramkumar"]
[Black "KRISHNAN, SHREYAS:K01-30058648"]
[Result "0-1"]
[ICCResult "White checkmated"]
[WhiteElo "1238"]
[BlackElo "1064"]
[Opening "Giuoco Pianissimo: Italian four knights variation"]
[ECO "C28"]
[NIC "VG.04"]
[Time "16:00:18"]
[PlyCount "102"]
[TimeControl "1800+10"]

1. e4 e5 2. Nc3 Nc6 3. Bc4 Nf6 4. Nf3 Bc5 5. d3 h6 6. h3 d6 7. Na4 Bb6 8. c3
O-O 9. Nxb6 axb6 10. Be3 Be6 11. Bxe6 fxe6 12. O-O Qe7 13. Qc2 Nh5 14. Rad1
Qf6 15. a3 Qg6 16. Qb3 Rxf3 17. Kh1 Rff8 18. g4 Nf4 19. Bxf4 Rxf4 20. f3
Raf8 21. Rf2 Rxf3 22. Rxf3 Rxf3 23. Kg2 Rf8 24. Rd2 Qf6 25. Qd1 Qg5 26. Re2
Qf4 27. Rd2 Ne7 28. Rc2 Ng6 29. Re2 Nh4+ 30. Kg1 Qg3+ 31. Kh1 Rf2 32. Rxf2
Qxf2 33. Qg1 Qxb2 34. Qg3 Ng6 35. g5 Qc1+ 36. Kh2 Qxg5 37. Qe1 Nf4 38. Qd2
Nxh3 39. Qa2 Nf4 40. d4 Qh4+ 41. Kg1 Qg3+ 42. Kf1 h5 43. dxe5 dxe5 44. a4 h4
45. a5 h3 46. axb6 cxb6 47. c4 h2 48. Qa8+ Kh7 49. Qh8+ Kxh8 50. c5 Qg2+ 51.
Ke1 h1=Q# {White checkmated} 0-1

[Event "ICC tourney 3106 (30 10)"]
[Site "Internet Chess Club"]
[Date "2023.01.21"]
[Round "3"]
[White "WESLEY, GEORGE:Maglars"]
[Black "LIN, CARL:K01-17110834"]
[Result "1/2-1/2"]
[ICCResult "Game drawn by mutual agreement"]
[WhiteElo "982"]
[BlackElo "1246"]
[Opening "English: Sicilian reversed"]
[ECO "A25"]
[NIC "EO.20"]
[Time "16:00:15"]
[PlyCount "44"]
[TimeControl "1800+10"]

1. c4 e5 2. Nc3 Nc6 3. g3 Bc5 4. Bg2 Nf6 5. e3 d6 6. Nge2 Bd7 7. O-O O-O 8.
d4 exd4 9. Nxd4 Nxd4 10. exd4 Bb4 11. Bxb7 Rb8 12. Bf3 Bxc3 13. bxc3 Be6 14.
Qd3 d5 15. cxd5 Bxd5 16. Bd1 h6 17. Bc2 Be4 18. Qd2 Re8 19. Ba4 Re7 20. Ba3
Re6 21. Bb3 Re8 22. Qf4 Bd5 {Game drawn by mutual agreement} 1/2-1/2

[Event "ICC tourney 3106 (30 10)"]
[Site "Internet Chess Club"]
[Date "2023.01.21"]
[Round "3"]
[White "Bolme, Thomas Bradley:ThomasBradley75"]
[Black "KANTNER, AARON:K05-16926895"]
[Result "0-1"]
[ICCResult "White checkmated"]
[WhiteElo "632"]
[BlackElo "936"]
[Opening "Queen's bishop game"]
[ECO "D02"]
[NIC "QP.06"]
[Time "16:00:18"]
[PlyCount "104"]
[TimeControl "1800+10"]

1. d4 Nf6 2. Nf3 d5 3. Bf4 e6 4. e3 c5 5. c3 Nc6 6. dxc5 Bxc5 7. Nbd2 Bd6 8.
Bb5 Bxf4 9. exf4 Bd7 10. Ne5 Nxe5 11. Bxd7+ Nexd7 12. O-O O-O 13. Re1 Nc5
14. Re3 Nce4 15. Nxe4 dxe4 16. Qe2 Qd6 17. g3 Rfd8 18. Re1 Qd2 19. Qc4 Qd5
20. Qb3 Qxb3 21. axb3 Rd3 22. b4 Rxe3 23. Rxe3 Rd8 24. b3 Rd3 25. Rxd3 exd3
26. Kf1 Ne4 27. Ke1 Nxc3 28. Kd2 Ne4+ 29. Kxd3 Nxf2+ 30. Kc4 Kf8 31. Kc5 Ke7
32. b5 Kd7 33. b6 axb6+ 34. Kxb6 Kc8 35. b4 f6 36. b5 e5 37. fxe5 fxe5 38.
Kc5 e4 39. Kd4 Kc7 40. g4 Kb6 41. h3 Kxb5 42. h4 Ka4 43. g5 b5 44. Kc3 b4+
45. Kb2 b3 46. h5 Nd3+ 47. Kc3 b2 48. Kc2 Ka3 49. Kb1 Kb3 50. g6 e3 51. gxh7
e2 52. h8=Q e1=R# {White checkmated} 0-1

[Event "ICC tourney 3106 (30 10)"]
[Site "Internet Chess Club"]
[Date "2023.01.21"]
[Round "3"]
[White "Bobrov, Dmitry:dmitrybobrov"]
[Black "Xu, Michael:mxu81"]
[Result "1/2-1/2"]
[ICCResult "Game drawn by repetition"]
[WhiteElo "859"]
[BlackElo "1157"]
[Opening "Réti opening"]
[ECO "A04"]
[NIC "QP.11"]
[Time "16:00:17"]
[PlyCount "129"]
[TimeControl "1800+10"]

1. Nf3 Nc6 2. g3 b6 3. Bg2 Bb7 4. O-O Nf6 5. Nc3 e6 6. d3 Bb4 7. Bd2 O-O 8.
e4 d5 9. Ne1 dxe4 10. Nxe4 Bxd2 11. Qxd2 Nxe4 12. Bxe4 Na5 13. Bxb7 Nxb7 14.
Nf3 Qd5 15. Qe3 Rfd8 16. Rfe1 Rac8 17. c3 Qxd3 18. Qxd3 Rxd3 19. Nd4 c5 20.
Nb3 Rcd8 21. Re2 Rd1+ 22. Rxd1 Rxd1+ 23. Kg2 g6 24. Nd2 Nd6 25. b3 b5 26.
Nf3 Rd3 27. Rc2 c4 28. Nd4 a6 29. bxc4 Nxc4 30. Ne2 Rd7 31. Nd4 b4 32. Ne2
bxc3 33. Nxc3 Na3 34. Rb2 Rd3 35. Rb8+ Kg7 36. Ne4 Nb5 37. a4 Nd4 38. Ra8 a5
39. Rxa5 Nb3 40. Ra7 Rd4 41. Ng5 Kg8 42. Ra8+ Kg7 43. a5 Rd5 44. h4 Nxa5 45.
Ra7 Rf5 46. Nxe6+ Kh6 47. Ng5 Kg7 48. Nxf7 Rxf7 49. Rxa5 Kh6 50. f4 Rf5 51.
Rxf5 gxf5 52. Kh3 Kh5 53. Kg2 Kg4 54. Kf2 h6 55. Kg2 h5 56. Kf2 Kh3 57. Kf3
Kh2 58. Kf2 Kh3 59. Kf3 Kh2 60. Kf2 Kh3 61. Kf3 Kh2 62. Kf2 Kh3 63. Kf3 Kh2
64. Kf2 Kh3 65. Kf3 {Game drawn by repetition} 1/2-1/2

[Event "ICC tourney 3106 (30 10)"]
[Site "Internet Chess Club"]
[Date "2023.01.21"]
[Round "3"]
[White "Rastogi, Viraj:masterviraj"]
[Black "procopio, Patti:prostripe"]
[Result "1-0"]
[ICCResult "Black resigns"]
[WhiteElo "799"]
[BlackElo "1132"]
[Opening "King's Indian: 6.Be2"]
[ECO "E91"]
[NIC "KI.19"]
[Time "16:00:18"]
[PlyCount "125"]
[TimeControl "1800+10"]

1. d4 Nf6 2. c4 g6 3. Nc3 Bg7 4. e4 d6 5. Be2 O-O 6. Nf3 Bg4 7. Bg5 c6 8. h3
Bxf3 9. Bxf3 Nbd7 10. O-O Qb6 11. Qd2 Rfe8 12. Rfd1 c5 13. d5 Ne5 14. Be2
Qb4 15. a3 Qb3 16. Rac1 Nxc4 17. Bxc4 Qxc4 18. Bxf6 Bxf6 19. Qe3 Qa6 20. Ne2
Bxb2 21. Rb1 Bg7 22. Nf4 b6 23. Ne2 Qc8 24. Ng3 Qc7 25. Rdc1 Rac8 26. Qe2
Bh6 27. Rc2 Qd7 28. Rc4 Bf4 29. Nf1 Be5 30. Ne3 e6 31. Qg4 Qe7 32. Kh1 Bd4
33. Nc2 Bxf2 34. Qf3 Bd4 35. Nxd4 cxd4 36. Rxd4 exd5 37. exd5 Qe3 38. Qg4 f5
39. Qd1 Rc5 40. Qa4 Re7 41. Rbd1 Kg7 42. Qb4 Qc3 43. Qb1 Qxa3 44. R4d3 Qa5
45. Qb2+ Kf7 46. Qh8 h5 47. Qh7+ Kf6 48. Qh8+ Rg7 49. Qd8+ Kf7 50. Qd7+ Kg8
51. Qe6+ Kh7 52. Qxd6 Qb5 53. Qf8 Qd7 54. d6 Rf7 55. Qa8 Kg7 56. Qf3 Rf6 57.
Qe3 Re6 58. Qd4+ Kh7 59. Qf4 Rc6 60. Qa4 a5 61. Qxc6 Qxc6 62. d7 Re1+ 63.
Rxe1 {Black resigns} 1-0